 Dungeon Crawl Stone Soup version 0.16.1-18-g436b03c (webtiles) character file.

6974 tognito the Cleaver (level 10, -1/97 HPs)
             Began as a Minotaur Berserker on May 5, 2015.
             Was a High Priest of Trog.
             Slain by a crocodile (12 damage)
             ... on level 10 of the Dungeon.
             The game lasted 01:02:59 (9581 turns).

tognito the Cleaver (Minotaur Berserker)            Turns: 9581, Time: 01:02:59

Health: -1/97      AC: 19    Str: 25    XL:     10   Next: 81%
Magic:  5/5        EV: 10    Int:  4    God:    Trog [*****.]
Gold:   535        SH:  0    Dex: 15    Spells: 0 memorised, 9 levels left

rFire  . . .     SeeInvis .     a - +0 war axe
rCold  . . .     Clarity  .     C - +0 plate armour
rNeg   . . .     SustAb   .     (no shield)
rPois  .         Gourm    .     (helmet restricted)
rElec  .         Spirit   .     n - +2 cloak
rCorr  .         Warding  .     (no gloves)
rMut   .         Stasis   .     (no boots)
MR     .....                    (no amulet)
Stlth  ..........               (no ring)
                                e - +5 ring of dexterity

@: not resistant to hostile enchantments, extremely unstealthy
A: retaliatory headbutt, horns 2, thin metallic scales 1, slow healing 1
a: Burn Spellbooks, Berserk, Trog's Hand, Brothers in Arms, Renounce Religion


You were on level 10 of the Dungeon.
You worshipped Trog.
Trog was extremely pleased with you.
You were not hungry.

You visited 1 branch of the dungeon, and saw 10 of its levels.

You collected 535 gold pieces.

Inventory:

Hand weapons
 a - a +0 war axe (weapon)
 b - a +0 shortbow
 f - a +2 battleaxe
 y - a +2 rapier of venom
 D - a +0 hunting sling
 E - a +1 antimagic executioner's axe
 H - a +5 antimagic battleaxe
Missiles
 g - 21 tomahawks (quivered)
 h - 35 poisoned bolts
 j - 46 sling bullets
 k - 168 arrows
 l - 113 stones
 o - 48 bolts
 t - 19 poisoned arrows
 x - 12 exploding sling bullets
Armour
 n - a +2 cloak (worn)
 C - a +0 plate armour (worn)
Jewellery
 e - a +5 ring of dexterity (left hand)
Magical devices
 d - a wand of polymorph (10)
 m - a wand of slowing (18)
 w - a wand of teleportation (0)
 A - a wand of invisibility (6)
 B - a wand of confusion (29)
Scrolls
 p - 7 scrolls of identify
 q - 6 scrolls of remove curse
 I - a scroll of recharging
Potions
 v - a potion of brilliance
 z - 2 potions of agility
Comestibles
 c - 6 bread rations
 i - 2 meat rations
 r - 16 fruits
 s - 3 beef jerkies
 u - a royal jelly


   Skills:
 * Level 11.7 Fighting
 + Level 1.2 Short Blades
 + Level 11.8 Axes
 + Level 2.3(2.4) Slings
 + Level 3.4 Bows
 + Level 0.4(1.3) Throwing
 + Level 8.4 Armour
 + Level 5.8 Dodging
 + Level 1.3 Stealth
 + Level 0.6 Evocations


You had 9 spell levels left.
You didn't know any spells.

Dungeon Overview and Level Annotations

Branches:
Dungeon (10/15)            Temple (0/1) D:5            Lair (0/8) D:9
    Orc: D:9-12

Altars:
Ashenzari
Cheibriados
Kikubaaqudgha
Makhleb
Nemelex Xobeh
Okawaru
Trog
Vehumet
Yredelemnul
Zin
The Shining One

Shops:
D:4 =   D:6 [   D:7 *


Innate Abilities, Weirdness & Mutations

You reflexively headbutt those who attack you in melee.
You have a pair of horns on your head.
You are partially covered in thin metallic scales (AC +2).
You heal slowly when monsters are visible.


Message History

The crocodile is lightly wounded.
The crocodile bites you.
* * * LOW HITPOINT WARNING * * *
Your plate armour prevents you from hitting the crocodile.
Your headbutt misses the crocodile.
The crocodile is lightly wounded.
The crocodile closely misses you.
You closely miss the crocodile.
The crocodile is lightly wounded.
The crocodile bites you but does no damage.
You slash the crocodile! You headbutt the crocodile!
The crocodile is almost dead.
The crocodile bites you.
* * * LOW HITPOINT WARNING * * *
You closely miss the crocodile.
The crocodile is almost dead.
You closely miss the crocodile. Your headbutt misses the crocodile.
The crocodile is almost dead.
The crocodile bites you!
You die...

. . ...# #... ...# #..#
#..# #..# #..# .####..#
#..# ........# #..# ...
#........# #..####.((..
#......<.#####..@†.$(....
#................t((.....
#...............####....
#........#####..# ...
#........# #..# .
.......).# #..#
...####..#####..# #.
#.........# #.........#


You could see a crocodile.

Vanquished Creatures
  2 yaks (D:10)
  A deep elf fighter (D:9)
  A hippogriff (D:10)
  Edmund (D:8)
  Menkaure (D:7)
  2 water moccasins
  2 sky beasts (D:8)
  3 eyes of draining (D:8)
  6 orc warriors
  3 black bears (D:7)
  2 phantoms
  2 crocodiles (D:9)
  10 ogres
  Sigmund (D:3)
  2 centaurs
  A big kobold (D:9)
  A gnoll sergeant (D:6)
  4 giant frogs
  2 scorpions
  11 killer bees
  A water moccasin skeleton (D:6)
  4 crimson imps
  7 wights
  A quasit (D:9)
  An iron imp (D:3)
  7 hounds
  A gnoll shaman (D:7)
  A jelly (D:5)
  Crazy Yiuf (D:2)
  2 centaur skeletons
  A giant frog skeleton (D:6)
  7 orc priests
  A giant frog zombie (D:7)
  3 iguanas
  9 orc wizards
  8 worker ants
  Natasha (twice) (D:3)
  Ijyb (D:2)
  Jessica (D:2)
  2 worker ant zombies
  16 gnolls
  Robin (D:2)
  3 river rats (D:9)
  11 adders
  5 shadow imps
  A giant mite (D:4)
  2 worms (D:2)
  An orc zombie (D:7)
  3 adder zombies
  5 giant geckos
  An ooze (D:5)
  41 orcs
  19 bats
  4 bat zombies (D:5)
  3 giant cockroaches
  20 goblins
  12 hobgoblins
  3 jackals (D:8)
  19 kobolds
  5 quokkas
  A giant gecko skeleton (D:5)
  6 giant newts
  A giant spore (D:8)
  2 gnoll skeletons (D:6)
  A quokka skeleton (D:7)
  2 quokka zombies
  23 rats
  3 ballistomycetes
  5 fungi (D:9)
  A plant (D:9)
339 creatures vanquished.

Vanquished Creatures (others)
  An orc warrior (D:8)
  A giant spore (D:9)
2 creatures vanquished.

Grand Total: 341 creatures vanquished

Notes
Turn   | Place    | Note
--------------------------------------------------------------
     0 | D:1      | tognito, the Minotaur Berserker, began the quest for the Orb.
     0 | D:1      | Reached XP level 1. HP: 19/19 MP: 1/1
    92 | D:1      | Reached skill level 4 in Fighting
   173 | D:1      | Reached XP level 2. HP: 22/27 MP: 1/1
   572 | D:2      | Acquired Trog's second power
   574 | D:2      | Reached XP level 3. HP: 30/34 MP: 2/2
   584 | D:2      | Found a snail-covered altar of Cheibriados.
   669 | D:2      | Noticed Robin
   679 | D:2      | Killed Robin
   679 | D:2      | Reached skill level 5 in Fighting
   680 | D:2      | Reached XP level 4. HP: 35/42 MP: 2/2
   755 | D:2      | Noticed Crazy Yiuf
   789 | D:2      | Killed Crazy Yiuf
   998 | D:2      | Noticed Ijyb
  1014 | D:2      | Killed Ijyb
  1027 | D:2      | Noticed Jessica
  1031 | D:2      | Killed Jessica
  1031 | D:2      | Reached XP level 5. HP: 49/49 MP: 2/2
  1179 | D:2      | Reached skill level 5 in Axes
  1332 | D:3      | Reached skill level 6 in Fighting
  1820 | D:3      | Noticed Sigmund
  1831 | D:3      | Killed Sigmund
  1831 | D:3      | Reached XP level 6. HP: 50/58 MP: 3/3
  1833 | D:3      | Acquired Trog's third power
  1849 | D:3      | HP: 2/58 [poisoned by Sigmund]
  2171 | D:3      | Noticed Natasha
  2182 | D:3      | Killed Natasha
  2289 | D:3      | Noticed Natasha
  2294 | D:3      | Killed Natasha
  2372 | D:4      | Found Psiagg's Jewellery Emporium.
  2570 | D:4      | Reached XP level 7. HP: 58/64 MP: 3/3
  2868 | D:4      | Reached skill level 7 in Fighting
  3009 | D:5      | Entered Level 5 of the Dungeon
  3164 | D:5      | Found a staircase to the Ecumenical Temple.
  3459 | D:5      | Found an ancient bone altar of Kikubaaqudgha.
  3625 | D:5      | Found a glowing silver altar of Zin.
  3626 | D:5      | Found an iron altar of Okawaru.
  3704 | D:6      | Reached XP level 8. HP: 55/74 MP: 3/3
  3706 | D:6      | Reached skill level 8 in Fighting
  3713 | D:6      | Reached skill level 5 in Armour
  4085 | D:6      | Received a gift from Trog
  4130 | D:6      | Found a radiant altar of Vehumet.
  4542 | D:6      | Found Vobbant's Armour Shop.
  4587 | D:6      | Found a burning altar of Makhleb.
  4675 | D:6      | Found a shattered altar of Ashenzari.
  4760 | D:7      | Found Klynept's Assorted Antiques.
  4794 | D:7      | Reached skill level 9 in Fighting
  4898 | D:7      | Reached skill level 5 in Dodging
  4954 | D:7      | Reached skill level 1 in Short Blades
  4956 | D:7      | Reached XP level 9. HP: 83/83 MP: 4/4
  5386 | D:7      | Found a sparkling altar of Nemelex Xobeh.
  5410 | D:7      | Reached skill level 1 in Stealth
  5415 | D:7      | Noticed Menkaure
  5426 | D:7      | Killed Menkaure
  5571 | D:7      | Reached skill level 1 in Slings
  5765 | D:7      | Reached skill level 10 in Fighting
  5952 | D:7      | Found a glowing golden altar of the Shining One.
  6505 | D:7      | Reached skill level 10 in Axes
  7182 | D:8      | Reached XP level 10. HP: 92/94 MP: 4/4
  7256 | D:8      | Found a bloodstained altar of Trog.
  7480 | D:8      | Reached skill level 11 in Axes
  7590 | D:8      | Reached skill level 1 in Bows
  7607 | D:8      | Noticed Edmund
  7617 | D:8      | Killed Edmund
  7905 | D:8      | Found a basalt altar of Yredelemnul.
  8213 | D:9      | Received a gift from Trog
  8992 | D:9      | Received a gift from Trog
  9280 | D:9      | Found a staircase to the Lair.
  9314 | D:9      | Gained mutation: You heal slowly when monsters are visible. [potion of mutation]
  9314 | D:9      | Gained mutation: You are partially covered in thin metallic scales (AC +2). [potion of mutation]
  9417 | D:10     | Entered Level 10 of the Dungeon
  9581 | D:10     | Slain by a crocodile

Action                   |  1- 3 |  4- 6 |  7- 9 | 10-12 || total
-------------------------+-------+-------+-------+-------++-------
Melee: Hand axe          |    59 |   135 |    23 |       ||   217
       Unarmed           |       |    12 |       |       ||    12
       War axe           |       |       |   248 |   221 ||   469
       Rapier            |       |       |    21 |       ||    21
       Battleaxe         |       |       |       |     9 ||     9
       Executioner's axe |       |       |       |     5 ||     5
 Fire: Hunting sling     |     4 |       |    24 |       ||    28
       Shortbow          |       |       |     9 |    54 ||    63
Throw: Tomahawk          |       |       |     3 |       ||     3
Invok: Berserk           |       |     1 |       |       ||     1
       Burn Spellbooks   |       |       |     1 |       ||     1
Evoke: Wand              |       |       |     5 |     1 ||     6
  Use: Potion            |     3 |     2 |     5 |     5 ||    15
       Scroll            |     2 |     1 |     5 |     3 ||    11
 Stab: Confused          |       |       |     1 |       ||     1
       Fleeing           |       |       |     1 |       ||     1
  Eat: Chunk             |       |     6 |    15 |     9 ||    30
